 Dungeon Crawl Stone Soup version 0.20.0-6-gd3061e9 (webtiles) character file.

3234 Iflex the Spear-Bearer (level 9, -1/71 HPs)
             Began as a Merfolk Gladiator on May 28, 2017.
             Was a Believer of Ashenzari.
             Slain by a two-headed ogre
             ... wielding a +0 giant spiked club
              (23 damage)
             ... on level 8 of the Dungeon.
             The game lasted 00:30:03 (9650 turns).

Iflex the Spear-Bearer (Merfolk Gladiator)          Turns: 9650, Time: 00:30:04

Health: -1/71      AC:  4    Str: 16    XL:     9   Next: 98%
Magic:  9/9        EV: 17    Int:  9    God:    Ashenzari [**....]
Gold:   367        SH:  0    Dex: 17    Spells: 8/8 levels left

rFire    . . .     SeeInvis +   j - +1 spear (venom) (curse)
rCold    . . .     Gourm    .   (no shield)
rNeg     . . .     Faith    .   F - +0 leather armour of Qazlal's Hatred {SInv}
rPois    .         Spirit   .   c - +0 helmet
rElec    .         Reflect  .   (no cloak)
rCorr    .         Harm     .   (no gloves)
MR       .....     Clarity  +   (no boots)
Stlth    +++.......             (no amulet)
Regen    0.3/turn               m - +2 ring of intelligence
MPRegen  0.2/turn               (no ring)

@: no status effects
A: change form in water, swift swim, stealthy swim, clarity, screaming 1
a: Curse Item, Scrying, Renounce Religion


You were on level 8 of the Dungeon.
You worshipped Ashenzari.
Ashenzari was pleased with you.
You were not hungry.

You visited 2 branches of the dungeon, and saw 9 of its levels.
You also visited: Sewer.

You collected 367 gold pieces.

Inventory:

Hand Weapons
 a - a +0 trident
 j - a cursed +1 spear of venom (weapon)
Missiles
 g - 6 javelins (quivered)
 I - 2 tomahawks
Armour
 b - a +1 leather armour
 c - a +0 helmet (worn)
 d - a +0 leather armour of fire resistance
 w - a +0 leather armour of cold resistance
 y - the +3 ring mail of Pandemonium {Str+5}
   (You found it on level 7 of the Dungeon)

   It affects your strength (+5).
 F - the +0 leather armour of Qazlal's Hatred (worn) {SInv}
   (You found it on level 7 of the Dungeon)

   It lets you see invisible.
Jewellery
 m - a +2 ring of intelligence (left hand)
Wands
 s - a wand of acid (12/15)
 E - a wand of confusion (12/48)
Scrolls
 e - 3 scrolls of fog
 l - 3 scrolls of teleportation
 n - 2 scrolls of magic mapping
 o - a scroll of enchant armour
 u - 2 scrolls of blinking
 C - a scroll of noise
Potions
 h - a potion of lignification
 i - 2 potions of curing
 k - 6 potions of brilliance
 q - a potion of heal wounds
 t - 3 potions of magic
 x - a potion of degeneration
 z - a potion of might
 A - 2 potions of flight
 D - a potion of ambrosia
Comestibles
 f - 5 bread rations
 p - 4 fruits
 r - 7 royal jellies
 B - a meat ration
 H - 6 chunks of flesh


   Skills:
 + Level 6.9 Fighting
 + Level 12.2(14.2) Polearms
 + Level 2.3 Throwing
 + Level 3.7 Armour
 + Level 8.0 Dodging
 + Level 5.8 Stealth


You had 8 spell levels left.
You didn't know any spells.

Dungeon Overview and Level Annotations

Branches:
Dungeon (8/15)             Temple (1/1) D:6
   Lair: D:8-11

Altars:
Ashenzari
Cheibriados
Dithmenos
Elyvilon
Fedhas
Gozag
Hepliaklqana
Kikubaaqudgha
Makhleb
Nemelex Xobeh
Okawaru
Qazlal
Ru
Sif Muna
Trog
Uskayaw
Vehumet
Xom
Yredelemnul
Zin
The Shining One


Innate Abilities, Weirdness & Mutations

You revert to your normal form in water.
You are very nimble and swift while swimming.
You are very stealthy in the water. (Stealth+)
You possess an exceptional clarity of mind.
You occasionally shout uncontrollably at your foes.


Message History

The two-headed ogre is heavily wounded.
You hit the two-headed ogre.
The two-headed ogre looks as sick as possible!
The two-headed ogre is heavily wounded.
You barely miss the two-headed ogre.
The two-headed ogre is heavily wounded.
The two-headed ogre misses you.
The two-headed ogre hits you with a giant spiked club!!
* * * LOW HITPOINT WARNING * * *
You hit the two-headed ogre.
The two-headed ogre looks as sick as possible!
The two-headed ogre is heavily wounded.
You hit the two-headed ogre.
The two-headed ogre looks as sick as possible!
The two-headed ogre is severely wounded.
You hit the two-headed ogre.
The two-headed ogre looks as sick as possible!
The two-headed ogre is severely wounded.
The two-headed ogre hits you with a giant spiked club!!
You die...

**** # ,,, , ,* #
#########*** * # #.......#
# #.......# #
########)......####.#
......)))...........#
###.####)).....O@#########
# #^.....................#
# #..#########....######.#
#..# #..........# #.#
#..###.####.#'#.# #.#
##......# #.#.#.### #.#
##....#######.#.....####.#
.......^..............>..##
##....#.#####.#..##.#.....#


You could see a two-headed ogre.

Vanquished Creatures
  Menkaure (D:4)
  Edmund (D:4)
  Duvessa (D:5)
  A black bear (D:7)
  2 orc warriors (D:8)
  A sky beast (D:8)
  2 ogres
  2 centaurs
  7 bullfrogs
  Dowan (D:5)
  2 scorpions
  5 howler monkeys (D:7)
  2 crimson imps
  A bullfrog zombie (D:5)
  2 orc priests
  2 hounds
  2 jellies
  2 bullfrog skeletons
  A centaur skeleton (D:5)
  3 iguanas
  Terence (D:3)
  7 worker ants
  Natasha (twice) (D:5 D:4)
  5 orc wizards
  A hound zombie (D:7)
  A hound skeleton (D:5)
  7 gnolls
  A howler monkey skeleton (D:5)
  18 adders
  8 river rats
  7 shadow imps
  3 oozes
  2 adder skeletons
  4 worms
  A dart slug (D:3)
  5 leopard geckos
  28 orcs
  6 ball pythons
  6 bats
  5 giant cockroaches
  5 goblins
  8 hobgoblins
  4 jackals (D:3)
  7 kobolds
  6 quokkas
  8 frilled lizards
  2 jackal skeletons (D:4)
  A quokka zombie (D:6)
  29 rats
229 creatures vanquished.

Notes
Turn   | Place    | Note
-------+----------+-------------------------------------------
     0 | D:1      | Iflex the Merfolk Gladiator began the quest for the Orb.
     0 | D:1      | Reached XP level 1. HP: 16/16 MP: 1/1
   113 | D:1      | Reached XP level 2. HP: 22/22 MP: 2/2
   289 | D:1      | Reached skill level 5 in Polearms
   656 | D:1      | Reached XP level 3. HP: 28/28 MP: 3/3
   859 | D:2      | Found a sparkling altar of Nemelex Xobeh.
   994 | D:2      | Found a snail-covered altar of Cheibriados.
  1236 | D:2      | Found a sacrificial altar of Ru.
  1277 | D:2      | Found a shimmering altar of Xom.
  1319 | D:2      | Reached XP level 4. HP: 33/34 MP: 4/4
  1771 | D:3      | Found a shattered altar of Ashenzari.
  1798 | D:3      | Became a worshipper of Ashenzari the Shackled
  1840 | D:3      | Reached skill level 6 in Polearms
  1887 | D:3      | Found a glowing drain.
  1891 | Sewer    | Entered a sewer
  1939 | Sewer    | Reached XP level 5. HP: 19/40 MP: 5/5
  2245 | Sewer    | Reached skill level 1 in Stealth
  2564 | Sewer    | Reached skill level 1 in Armour
  2811 | Sewer    | Reached skill level 7 in Polearms
  3154 | Sewer    | Reached skill level 5 in Dodging
  3175 | Sewer    | Reached XP level 6. HP: 47/47 MP: 6/6
  4027 | D:3      | Found a sparkling altar of Nemelex Xobeh.
  4045 | D:3      | Reached XP level 7. HP: 42/53 MP: 7/7
  4108 | D:3      | Noticed Terence
  4123 | D:3      | Killed Terence
  4575 | D:4      | Noticed Natasha
  4578 | D:4      | Noticed Menkaure
  4585 | D:5      | Entered Level 5 of the Dungeon
  4588 | D:5      | Killed Natasha
  4588 | D:5      | Reached skill level 8 in Polearms
  5099 | D:4      | Found a hazy altar of Hepliaklqana.
  5173 | D:4      | Reached * piety under Ashenzari
  5176 | D:4      | Noticed Edmund
  5190 | D:4      | Killed Edmund
  5508 | D:4      | Reached XP level 8. HP: 61/61 MP: 8/8
  5874 | D:4      | Killed Menkaure
  5874 | D:4      | Reached skill level 9 in Polearms
  6167 | D:5      | Noticed Dowan
  6172 | D:5      | Noticed Natasha
  6174 | D:5      | Noticed Duvessa
  6265 | D:4      | Killed Natasha
  6265 | D:4      | Reached skill level 5 in Fighting
  6528 | D:5      | Killed Dowan
  6815 | D:5      | Found a glowing golden altar of the Shining One.
  6819 | D:5      | Found a blossoming altar of Fedhas.
  6819 | D:5      | Found an opulent altar of Gozag.
  6832 | D:5      | Found a burning altar of Makhleb.
  6836 | D:5      | Found a bloodstained altar of Trog.
  6910 | D:5      | Killed Duvessa
  7057 | D:5      | Reached skill level 10 in Polearms
  7588 | D:6      | Reached XP level 9. HP: 61/68 MP: 9/9
  7855 | D:6      | Found a staircase to the Ecumenical Temple.
  7933 | Temple   | Entered the Ecumenical Temple
  8026 | Temple   | Reached ** piety under Ashenzari
  8535 | D:7      | Got the uncursed ring mail of Pandemonium {Str+5}
  8546 | D:7      | Identified the +3 ring mail of Pandemonium {Str+5} (You found it on level 7 of the Dungeon)
  8583 | D:7      | Identified the +8 hunting sling of Pride {venom, rC- Int+7}
  8657 | D:7      | Gained mutation: You occasionally shout uncontrollably at your foes. [potion of mutation]
  8657 | D:7      | Gained mutation: You possess an exceptional clarity of mind. [potion of mutation]
  8689 | D:7      | Reached skill level 5 in Stealth
  8711 | D:7      | Reached skill level 11 in Polearms
  8759 | D:7      | Got the uncursed leather armour of Qazlal's Hatred {SInv}
  8770 | D:7      | Identified the +0 leather armour of Qazlal's Hatred {SInv} (You found it on level 7 of the Dungeon)
  9174 | D:8      | Found a deep blue altar of Sif Muna.
  9512 | D:8      | Reached skill level 12 in Polearms
  9636 | D:8      | Noticed a two-headed ogre
  9650 | D:8      | Slain by a two-headed ogre

Skill      XL: |  1  2  3  4  5  6  7  8  9 |
---------------+----------------------------+-----
Polearms       | 5 6 7 8 10 12 | 12.2
Fighting       | 3 4 5 6 |  6.9
Stealth        | 1 2 4 5 |  5.8
Armour         | 1 2 3 |  3.7
Dodging        | 5 6 7 8 |  8.0
Throwing       | |  2.3

Action                   |  1- 3 |  4- 6 |  7- 9 || total
-------------------------+-------+-------+-------++-------
Melee: Trident           |   124 |   238 |    55 ||   417
       Tailslap          |       |    13 |       ||    13
       Spear             |       |       |   590 ||   590
Throw: Throwing net      |       |     3 |     1 ||     4
       Javelin           |       |       |     4 ||     4
Invok: Curse Item        |       |       |     1 ||     1
  Use: Scroll            |       |     8 |    12 ||    20
       Potion            |       |     1 |     9 ||    10
 Stab: Sleeping          |     3 |     8 |     6 ||    17
       Held in net/web   |       |     1 |       ||     1
       Distracted        |       |       |     5 ||     5
  Eat: Chunk             |     1 |     8 |     9 ||    18
       Meat ration       |       |       |     1 ||     1
       Bread ration      |       |       |     1 ||     1
Armor: Leather armour    |    26 |    35 |    37 ||    98
       Ring mail         |       |       |     4 ||     4
Dodge: Dodged            |    80 |   175 |   249 ||   504
